 Dungeon Sprint DCSS version 0.30.1-5-ged363bc7ee (webtiles) character file.

Game seed: 11031117946699613219

12894 Heoruswealwe the Peltast (level 11, -1/118 HPs)
             Began as a Minotaur Fighter on Sept 19, 2023.
             Was the Champion of the Shining One.
             Slain by an emperor scorpion (19 damage)
             ... summoned by a royal mummy
             ... in the Dungeon (Sprint V: "Ziggurat Sprint").
             The game lasted 00:23:28 (1169 turns).

Heoruswealwe the Peltast (Minotaur Fighter)         Turns: 1169, Time: 00:23:29

Health: -1/118     AC: 31    Str: 40    XL:     11   Next: 68%
Magic:  10/10      EV:  3    Int: 10    God:    the Shining One [******]
Gold:   0          SH: 37    Dex: 15    Spells: 10/10 levels left

rFire   + + .        a - +9 lance "Wyrmbane" {slay drac, rPois rF+ rC+ AC+3}
rCold   + + .        d - +18 shield of the Gong {Loud rN+ Will+ rCorr EV-5}
rNeg    + + +        c - +5 gold dragon scales
rPois   +            (helmet restricted)
rElec   .            (no cloak)
rCorr   +            f - +0 pair of gloves of Duty {Will+ Dex+5}
SInv    .            (no boots)
Will    ++...        i - amulet of the Heavens {Reflect Str+3 Int+5 SH+5} Stlth
                     k - +6 ring of strength
HPRegen 0.39/turn    j - +6 ring of strength
MPRegen 0.12/turn

%: no teleportation, reflection
@: mighty, hasted and slowed, glowing
A: horns 2, retaliatory headbutt
a: Renounce Religion, Divine Shield, Cleansing Flame, Summon Divine Warrior


You were in the Dungeon.
You worshipped the Shining One.
The Shining One was exalted by your worship.
You visited 1 branch

Inventory:

Hand Weapons
 a - the +9 lance "Wyrmbane" (weapon) {slay drac, rPois rF+ rC+ AC+3}
   (You found it in the Dungeon)

   AC:        It affects your AC (+3).
   rF:        It protects you from fire.
   rC:        It protects you from cold.
   rPois:     It protects you from poison.
 b - a +9 trishula of holy wrath
Armour
 c - +5 gold dragon scales (worn)
 d - the +18 shield of the Gong (worn) {Loud rN+ Will+ rCorr EV-5}
   (You found it in the Dungeon)

   Loud:      It is deafeningly noisy when blocking attacks.
   EV:        It affects your evasion (-5).
   rN:        It protects you from negative energy.
   rCorr:     It protects you from acid and corrosion.
   Will:      It increases your willpower.
 f - the +0 pair of gloves of Duty (worn) {Will+ Dex+5}
   (You found it in the Dungeon)

   Dex:       It affects your dexterity (+5).
   Will:      It increases your willpower.
 l - the +15 Maxwell's patent armour {-Cast -Tele rElec Will+ rCorr}
   (You found it in the Dungeon)

   rElec:     It insulates you from electricity.
   -Cast:     It prevents spellcasting.
   -Tele:     It prevents most forms of teleportation.
   rCorr:     It protects you from acid and corrosion.
   Will:      It increases your willpower.
Jewellery
 i - the amulet of the Heavens (around neck) {Reflect Str+3 Int+5 SH+5}
   (You found it in the Dungeon)

   [amulet of reflection]

   It reflects blocked missile attacks.
   Str:       It affects your strength (+3).
   Int:       It affects your intelligence (+5).
   SH:        It affects your SH (+5).
 j - a +6 ring of strength (right hand)
 k - a +6 ring of strength (left hand)
 q - the amulet of Arrival {Acrobat Rampage *Corrode rElec}
   (You found it in the Dungeon)

   [amulet of the acrobat]

   It increases your evasion while moving and waiting.
   rElec:     It insulates you from electricity.
   *Corrode:  It may corrode you when you take damage.
   Rampage:   It bestows one free step when moving towards enemies.
Wands
 h - a wand of digging (17)
Scrolls
 o - a scroll of acquirement
 r - 2 scrolls of enchant weapon
 C - 4 scrolls of blinking
Potions
 e - 7 potions of curing
 g - 5 potions of haste
 m - 3 potions of berserk rage
 n - 4 potions of resistance
 F - 5 potions of might


   Skills:
 + Level 17.9 Fighting
 + Level 17.7 Polearms
 + Level 17.9 Armour
 + Level 17.9 Shields


You had 10 spell levels left.
You didn't know any spells.
Your spell library contained the following spells:

 Spells                   Type           Power      Damage    Failure   Level
 Freeze                   Ice            0%         1d3       97%         1
 Cigotuvi's Dreadful Rot  Necr/Pois/Air  0%         N/A       99%         2
 Dazzling Flash           Conj/Hex       0%         N/A       100%        3
 Frozen Ramparts          Ice            0%         1d1       100%        3
 Hailstorm                Conj/Ice       0%         3d3       100%        3
 Summon Guardian Golem    Hex/Summ       0%         N/A       100%        3
 Volatile Blastmotes      Fire/Tloc      0%         2d10      100%        3
 Anguish                  Hex/Necr       0%         N/A       100%        4
 Fulminant Prism          Conj/Hex       0%         3d5       100%        4
 Ice Form                 Ice/Tmut       0%         N/A       100%        4
 Iskenderun's Mystic Bla  Conj/Tloc      0%         2d3       100%        4
 Summon Ice Beast         Ice/Summ       0%         N/A       100%        4
 Lee's Rapid Deconstruct  Erth           0%         3d4*      100%        5
 Yara's Violent Unravell  Hex/Tmut       0%         3d3       100%        5
 Orb of Destruction       Conj           0%         9d5       100%        7
 Spellforged Servitor     Conj/Summ      0%         N/A       100%        7


Dungeon Overview and Level Annotations

Branches:
Dungeon (1/1)

Altars:
Ashenzari
Cheibriados
Dithmenos
Elyvilon
Fedhas
Gozag
Hepliaklqana
Kikubaaqudgha
Makhleb
Nemelex Xobeh
Okawaru
Qazlal
Ru
Sif Muna
Trog
Uskayaw
Vehumet
Wu Jian
Xom
Yredelemnul
Zin
The Shining One
Jiyva
Lugonu


Innate Abilities, Weirdness & Mutations

You have a pair of horns on your head.
You reflexively headbutt those who attack you in melee.


Message History

Your headbutt misses the death scarab. The death scarab barely misses you.
You block the emperor scorpion's attack.
GONNNNG!
You block the emperor scorpion's attack.
GONNNNG!
The emperor scorpion claws you but does no damage.
You closely miss the death scarab. Your headbutt misses the death scarab.
You block the death scarab's attack.
GONNNNG!
You block the death scarab's attack.
BOUMMMMG!
The emperor scorpion stings you but does no damage.
You block the emperor scorpion's attack.
GONNNNG!
The emperor scorpion claws you but does no damage.
You impale the death scarab!!
The death scarab is severely damaged.
You hit the death scarab. You headbutt the death scarab.
You destroy the death scarab!
The death scarab's corpse disappears in a puff of smoke!
You block the emperor scorpion's attack.
SHROANNG!
You block the emperor scorpion's attack.
PTOANNNG!
You block the emperor scorpion's attack.
GONNNNG!
You barely miss the royal mummy.
You block the emperor scorpion's attack.
GONNNNG!
The emperor scorpion claws you but does no damage.
You block the emperor scorpion's attack.
GONNNNG!
You impale the royal mummy!!
The royal mummy is lightly damaged.
You block the royal mummy's attack.
PANG!
You puncture the royal mummy! You headbutt the royal mummy!!
The royal mummy is moderately damaged.
The emperor scorpion stings you!!
You die...

▓..[)/=|
▓..[:|=)..▓..|)=..
▓.........▓.......
▓.........▓.......
▓.........▓.......
▓Z........▓.......
▓MM▓...▓..▓.......
▓M▓M....▓.▓.......
▓@sM9©....▓....©..
▓▓▓▓▓▓▓▓▓▓▓▓▓▓▓▓▓▓


You could see a royal mummy, an emperor scorpion (summoned), 2 guardian mummies,
an ushabti, 2 mummies and a ball python skeleton.

Vanquished Creatures
  A royal mummy (D)
  2 frost giants (D)
  An ice dragon (D)
  A dancing weapon (D)
  A deep elf knight (D)
  A deep elf zephyrmancer (D)
  A deep elf pyromancer (D)
  A rime drake (D)
  A freezing wraith (D)
  A guardian mummy (D)
  4 ice devils (D)
  A wind drake (D)
  A jumping spider (D)
  9 air elementals (D)
  A water elemental (D)
  6 spriggans (D)
  An ushabti (D)
  A golden eye (shapeshifter) (D)
  2 orc warriors (D)
  2 black bears (D)
  An ice beast (D)
  4 wolves (D)
  A phantom (D)
  2 scorpions (D)
  A necrophage (D)
  2 wights (D)
  2 orc priests (D)
  4 orc wizards (D)
  2 mummies (D)
  An adder skeleton (D)
  2 orcs (D)
  A bat skeleton (D)
  A bat zombie (D)
  2 ball python skeletons (D)
  A ball python zombie (D)
  A quokka skeleton (D)
  A quokka zombie (D)
68 creatures vanquished.

Notes
Turn   | Place    | Note
-------+----------+-------------------------------------------
     0 | D        | Heoruswealwe the Minotaur Fighter began the quest for the
                  | Orb.
     0 | D        | Reached XP level 1. HP: 19/19 MP: 0/0
     5 | D        | Became a worshipper of the Shining One
    10 | D        | Found a blossoming altar of Fedhas.
    10 | D        | Found the +6 Majin-Bo {spellvamp, MP+6 Int+6}
    10 | D        | Found the +27 heavy crossbow "Sniper" {heavy, Acc+∞ SInv}
    10 | D        | Found the +10 dark maul {heavy}
    10 | D        | Found the +15 Maxwell's patent armour {-Cast -Tele rElec
                  | Will+ rCorr}
    10 | D        | Found the +18 shield of the Gong {Loud rN+ Will+ rCorr
                  | EV-5}
    10 | D        | Found the +16 obsidian axe {drain, demonic, Mesm Drain Fly
                  | SInv}
    10 | D        | Found the +7 great mace "Firestarter" {flame, immolate,
                  | rFlCloud rF++}
    10 | D        | Found the +6 shillelagh "Devastator" {shatter}
    10 | D        | Found the +11 plutonium sword {Contam Stlth-}
    10 | D        | Found the +8 lance "Wyrmbane" {slay drac, rPois rF+ rC+
                  | AC+3}
    10 | D        | Found the +9 sword of Zonguldrok {reap}
    10 | D        | Found the +13 scythe of Curses {drain, curses, Drain}
    10 | D        | Found the +9 sword of Power {lifebolt}
    10 | D        | Found the +7 mace of Variability {chaos, chaos arc}
    10 | D        | Found the +11 Singing Sword {sonic wave}
    10 | D        | Found the +8 storm bow {elec, penet}
    11 | D        | Found a viscous altar of Jiyva.
    11 | D        | Found a hazy altar of Hepliaklqana.
    11 | D        | Found a transporter.
    11 | D        | Found an opulent altar of Gozag.
    11 | D        | Found an ancient bone altar of Kikubaaqudgha.
    11 | D        | Found a corrupted altar of Lugonu.
    23 | D        | Found a shimmering blue altar of Sif Muna.
    23 | D        | Found a sacrificial altar of Ru.
    23 | D        | Found a bloodstained altar of Trog.
    23 | D        | Found a stormy altar of Qazlal.
    23 | D        | Found an iron altar of Okawaru.
    23 | D        | Found a sparkling altar of Nemelex Xobeh.
    25 | D        | Found a burning altar of Makhleb.
    81 | D        | Reached skill level 5 in Fighting
    81 | D        | Reached skill level 5 in Polearms
    81 | D        | Reached skill level 5 in Armour
    81 | D        | Reached skill level 5 in Shields
    81 | D        | Reached XP level 2. HP: 30/30 MP: 1/1
   100 | D        | Entered arena 2.
   100 | D        | Noticed an ushabti
   100 | D        | Reached * piety under the Shining One
   100 | D        | Found a transporter.
   106 | D        | Killed an ushabti
   107 | D        | Reached XP level 3. HP: 40/40 MP: 2/2
   107 | D        | Reached XP level 4. HP: 48/48 MP: 3/3
   107 | D        | Reached XP level 5. HP: 53/53 MP: 4/4
   113 | D        | Got the amulet of Arrival {Acrobat Rampage *Corrode rElec}
   121 | D        | Entered arena 3.
   121 | D        | Noticed a jumping spider
   121 | D        | Reached ** piety under the Shining One
   121 | D        | Found a transporter.
   127 | D        | Killed a jumping spider
   128 | D        | Reached XP level 6. HP: 62/63 MP: 5/5
   141 | D        | Entered arena 4.
   141 | D        | Noticed a spriggan
   141 | D        | Noticed a spriggan
   141 | D        | Noticed a spriggan
   141 | D        | Found a transporter.
   145 | D        | Killed a spriggan
   146 | D        | Reached skill level 10 in Fighting
   146 | D        | Reached skill level 10 in Armour
   146 | D        | Reached skill level 10 in Shields
   146 | D        | Reached XP level 7. HP: 72/72 MP: 6/6
   149 | D        | Killed a spriggan
   150 | D        | Reached skill level 10 in Polearms
   155 | D        | Killed a spriggan
   171 | D        | Entered arena 5.
   171 | D        | Reached *** piety under the Shining One
   171 | D        | Found a transporter.
   178 | D        | Reached XP level 8. HP: 82/82 MP: 7/7
   197 | D        | Entered arena 6.
   197 | D        | Reached **** piety under the Shining One
   197 | D        | Reached ***** piety under the Shining One
   197 | D        | Found a transporter.
   221 | D        | Entered arena 7.
   221 | D        | Reached ****** piety under the Shining One
   222 | D        | Found a transporter.
   240 | D        | Entered arena 8.
   241 | D        | Found a transporter.
   258 | D        | Identified a +7 trishula of holy wrath (a +5 demon trident
                  | blessed by the Shining One)
   258 | D        | Received a gift from the Shining One
   272 | D        | Entered arena 9.
   272 | D        | Noticed a deep elf pyromancer
   272 | D        | Noticed a +2 heavy mace
   272 | D        | Noticed an air elemental
   272 | D        | Noticed a deep elf knight
   272 | D        | Noticed a deep elf zephyrmancer
   273 | D        | Paralysed by an air elemental for 1 turns
   275 | D        | Found a transporter.
   277 | D        | Killed an air elemental
   282 | D        | Killed a deep elf knight
   283 | D        | Reached XP level 9. HP: 47/93 MP: 8/8
   287 | D        | Killed a deep elf pyromancer
   289 | D        | Killed a deep elf zephyrmancer
   293 | D        | Killed a +2 heavy mace
   294 | D        | Reached XP level 10. HP: 17/104 MP: 9/9
   529 | D        | Entered arena 10.
   530 | D        | Found a transporter.
   556 | D        | Reached skill level 15 in Armour
   556 | D        | Reached skill level 15 in Shields
   602 | D        | Entered arena 11.
   602 | D        | Paralysed by an air elemental for 1 turns
   608 | D        | Reached skill level 15 in Fighting
   608 | D        | Paralysed by an air elemental for 1 turns
   612 | D        | Paralysed by an air elemental for 1 turns
   618 | D        | Paralysed by an air elemental for 1 turns
   623 | D        | Reached skill level 15 in Polearms
   625 | D        | Paralysed by an air elemental for 1 turns
   626 | D        | HP: 2/105 [air elemental (7)]
   628 | D        | Paralysed by an air elemental for 1 turns
   631 | D        | Paralysed by an air elemental for 1 turns
   639 | D        | Paralysed by an air elemental for 1 turns
   648 | D        | Paralysed by an air elemental for 1 turns
   652 | D        | Paralysed by an air elemental for 1 turns
   660 | D        | Found a transporter.
   671 | D        | Got the +0 pair of gloves of Duty {Will+ Dex+5}
   679 | D        | Got the amulet of the Heavens {Reflect Str+3 Int+5 SH+5}
   858 | D        | Entered arena 12.
   858 | D        | Noticed a frost giant
   858 | D        | Noticed an ice dragon
   858 | D        | Noticed a frost giant
   872 | D        | Killed a frost giant
   882 | D        | Reached XP level 11. HP: 88/115 MP: 10/10
   902 | D        | Killed a frost giant
   915 | D        | Killed an ice dragon
   918 | D        | Found a transporter.
   924 | D        | Got Kawew's Lessons on Necrotic Curses
   936 | D        | Got the ring of Nutweaf {rCorr EV+5 Dex-4 Slay+2}
  1120 | D        | Entered arena 13.
  1120 | D        | Noticed a royal mummy
  1122 | D        | Noticed a death scarab
  1123 | D        | Noticed a death scarab
  1123 | D        | Noticed a death scarab
  1124 | D        | Identified the +8 war axe of Big Damage {freeze, Str-4
                  | Int+8}
  1124 | D        | Noticed a royal mummy
  1126 | D        | Noticed a death scarab
  1126 | D        | Noticed a death scarab
  1126 | D        | Noticed a death scarab
  1135 | D        | Noticed a death scarab
  1135 | D        | Noticed a death scarab
  1135 | D        | Noticed a death scarab
  1136 | D        | Noticed a death scarab
  1136 | D        | Noticed a death scarab
  1137 | D        | Noticed a death scarab
  1140 | D        | Noticed a death scarab
  1143 | D        | HP: 4/117 [royal mummy (9)]
  1148 | D        | Killed a royal mummy
  1148 | D        | HP: 4/117 [mummy (8)]
  1149 | D        | Noticed an emperor scorpion
  1150 | D        | Noticed a death scarab
  1150 | D        | Noticed a death scarab
  1150 | D        | Noticed a death scarab
  1169 | D        | Slain by an emperor scorpion

Illustrated notes

Levels and vault maps discovered:
D:        sprint_v [room_start, room_1, room_2, room_3, room_4, room_5, room_6,
          room_7, room_8, room_9, room_10, room_11, room_12, room_13, room_14,
          room_15, room_16, room_17, room_18, room_19, room_20, room_21,
          room_22, room_23, room_24, room_25, room_26, room_27]

Skill      XL: |  1  2  3  4  5  6  7  8  9 10 11 |
---------------+----------------------------------+-----
Fighting       | 5 7 9 10 11 13 14 16 17 | 17.9
Polearms       | 5 7 8 9 10 13 14 16 17 | 17.7
Armour         | 5 7 9 10 11 13 14 16 17 | 17.9
Shields        | 5 7 9 10 11 13 14 16 17 | 17.9

Action                     |  1- 3 |  4- 6 |  7- 9 | 10-12 || total
---------------------------+-------+-------+-------+-------++-------
  Melee: Lance             |     6 |    14 |    74 |   153 ||   247
         Headbutt          |     1 |     3 |    14 |    48 ||    66
 Invoke: Brand Weapon With |       |       |     1 |       ||     1
    Use: Potion            |     1 |       |       |    15 ||    16
         Scroll            |       |       |       |     2 ||     2
 Armour: Gold dragon scale |       |     6 |    17 |   175 ||   198
  Dodge: Dodged            |       |     2 |       |    17 ||    19
  Block: Kite shield       |     1 |    28 |    76 |   270 ||   375
